 Dungeon Crawl Stone Soup version 0.19-a0-1490-g5dd3618 (webtiles) character file.

148446 Amnesiac the Black Belt (level 17, -3/178 HPs)
             Began as an Octopode Transmuter on Sept 8, 2016.
             Was an Initiate of Gozag.
             Killed from afar by a shock serpent (19 damage)
             ... with an electric aura
             ... on level 4 of the Snake Pit.
             The game lasted 01:03:41 (34780 turns).

Amnesiac the Black Belt (Octopode Transmuter)      Turns: 34780, Time: 01:03:42

Health: -3/178     AC: 16    Str: 26    XL:     17   Next: 49%
Magic:  27/35      EV: 14    Int: 18    God:    Gozag
Gold:   5709       SH:  0    Dex: 21    Spells: 6 memorised, 20 levels left

rFire  + + +     SeeInvis .       - Unarmed
rCold  . . .     Gourm    .     (shield currently unavailable)
rNeg   + + .     Faith    .     (helmet currently unavailable)
rPois  +         Spirit   .     H - amulet of Reut {Harm *Drain rF+ MR+ Str+3 Stlth+}
rElec  +         Dismiss  .     F - ring "Yxoomp" {rF+ rN+ Str+5 Int+3}
rCorr  .         Reflect  .     r - +4 ring of dexterity
MR     +++..     Harm     +     W - ring of the King {+Fly rElec rC+}
Stlth  +++....... Rnd*Rage +    I - +6 ring of slaying
                                j - ring "Xaloos" {Wiz *Drain rElec rPois rF+}
                                G - ring of protection from magic
                                U - ring of poison resistance
                                i - ring of positive energy

@: exhausted, dragon-form, gold aura, flying
A: almost no armour, stealthy swim, amphibious, 8 rings, (constrict 8),
(antennae 0), (camouflage 0), berserk 2, blink, dopey 1, weak 1, wild magic 1,
(gelatinous body 0)
a: End Transformation, Blink, Potion Petition, Call Merchant, Bribe Branch,
Renounce Religion, Breathe Fire, Stop Flying


You were on level 4 of the Snake Pit.
You worshipped Gozag.
Gozag was greatly pleased with you.
You were not hungry.
You were a fearsome dragon!
You visited 7 branches of the dungeon, and saw 29 of its levels.
You also visited: Labyrinth.

You collected 10651 gold pieces.
You spent 1941 gold pieces at shops.
You paid 3001 gold pieces to Gozag.

Inventory:

Missiles
 a - 448 arrows
Rods
 Q - a +3 lightning rod (13/13)
   (You found it on level 6 of the Lair of Beasts)
Jewellery
 f - an uncursed amulet of magic regeneration {unknown}
 g - an uncursed ring of resist corrosion
 i - a ring of positive energy (on tentacle)
 j - the ring "Xaloos" (on tentacle) {Wiz *Drain rElec rPois rF+}
   (You bought it in a shop on level 4 of the Lair of Beasts)

   [ring of wizardry]

   It improves your spell success rate.
   It protects you from fire.
   It insulates you from electricity.
   It protects you from poison.
   It causes draining when unequipped.
 l - an uncursed ring of see invisible
 r - a +4 ring of dexterity (right foreclaw)
 F - the ring "Yxoomp" (left foreclaw) {rF+ rN+ Str+5 Int+3}
   (You bought it in a shop on level 7 of the Dungeon)

   [ring of strength]

   It affects your strength (+5).
   It affects your intelligence (+3).
   It protects you from fire.
   It protects you from negative energy.
 G - a ring of protection from magic (on tentacle)
 H - the amulet of Reut (around neck) {Harm *Drain rF+ MR+ Str+3 Stlth+}
   (You found it on level 10 of the Dungeon)

   [amulet of harm]

   It increases damage dealt and taken.
   It affects your strength (+3).
   It protects you from fire.
   It affects your resistance to hostile enchantments.
   It causes draining when unequipped.
   It makes you more stealthy.
 I - a +6 ring of slaying (on tentacle)
 U - a ring of poison resistance (on tentacle)
 W - the ring of the King (on tentacle) {+Fly rElec rC+}
   (You bought it in a shop on level 4 of the Lair of Beasts)

   [ring of flight]

   It protects you from cold.
   It insulates you from electricity.
   It lets you fly.
 Y - an uncursed ring of protection from magic
Wands
 d - a wand of enslavement (12/24)
 k - a wand of acid (3/15)
 m - a wand of iceblast (5/15)
 s - a wand of confusion (31/48)
 C - a wand of digging (8/24)
 K - a wand of disintegration (21/24)
 T - a wand of paralysis (8/24)
Scrolls
 b - a scroll of magic mapping
 e - 11 scrolls of remove curse
 h - 5 scrolls of teleportation
 u - 3 scrolls of fear
 v - 9 scrolls of identify
 w - 7 scrolls of enchant armour
 x - 2 scrolls of blinking
 y - 7 scrolls of amnesia
 B - 4 scrolls of recharging
 O - a scroll of noise {unknown}
 S - a scroll of summoning
 Z - a scroll of fog
Potions
 q - 4 potions of heal wounds
 t - 4 potions of brilliance
 z - 4 potions of agility
 A - 6 potions of flight
 E - 2 potions of berserk rage
 J - a potion of haste
 N - 4 potions of curing
 R - 3 potions of might
Books
 n - a book of Clouds

   Spells                             Type                      Level
   a - Mephitic Cloud                 Conjuration/Poison/Air       3
   b - Conjure Flame                  Conjuration/Fire             3
   c - Poisonous Cloud                Conjuration/Poison/Air       6
   d - Freezing Cloud                 Conjuration/Ice/Air          6
   e - Ring of Flames                 Charms/Fire                  7
 o - a book of Unlife

   Spells                             Type                      Level
   a - Recall                         Summoning/Translocation      3
   b - Animate Dead                   Necromancy                   4
   c - Control Undead                 Necromancy                   4
   d - Cigotuvi's Embrace             Necromancy                   5
   e - Death Channel                  Necromancy                   6
   f - Simulacrum                     Ice/Necromancy               6
 D - a book of Burglary

   Spells                             Type                      Level
   a - Swiftness                      Charms/Air                   2
   b - Passwall                       Transmutation/Earth          2
   c - Passage of Golubria            Translocation                4
   d - Lee's Rapid Deconstruction     Earth                        5
   e - Darkness                       Hexes                        6
   f - Invisibility                   Hexes                        6
 M - a book of the Dragon

   Spells                             Type                      Level
   a - Flame Tongue                   Conjuration/Fire             1
   b - Cause Fear                     Hexes                        4
   c - Bolt of Fire                   Conjuration/Fire             6
   d - Dragon Form                    Transmutation                7
   e - Dragon's Call                  Summoning                    9
 V - a book of the Sky

   Spells                             Type                      Level
   a - Summon Lightning Spire         Summoning/Air                4
   b - Airstrike                      Air                          4
   c - Silence                        Hexes/Air                    5
   d - Deflect Missiles               Charms/Air                   6
   e - Conjure Ball Lightning         Conjuration/Air              6
   f - Tornado                        Air                          9
Miscellaneous
 L - a fan of gales
 P - 2 phantom mirrors
Comestibles
 c - a bread ration


   Skills:
 - Level 12.0 Fighting
 - Level 12.0 Dodging
 - Level 16.0 Unarmed Combat
 + Level 14.0 Spellcasting
 - Level 14.0 Transmutations


You had 20 spell levels left.
You knew the following spells:

 Your Spells              Type           Power        Failure   Level  Hunger
a - Blade Hands           Tmut           ######....   1%          5    ####...
b - Ice Form              Ice/Tmut       #####...     1%          4    None
c - Spider Form           Tmut/Pois      #####.....   1%          3    None
d - Sticks to Snakes      Tmut           ######..     1%          2    None
e - Dragon Form           Tmut           ######....   9%          7    #######
f - Mephitic Cloud        Conj/Pois/Air  ###.....     10%         3    None


Dungeon Overview and Level Annotations

Branches:
Dungeon (13/15)            Temple (1/1) D:5            Lair (6/6) D:10
  Swamp (2/4) Lair:4        Snake (4/4) Lair:3        Slime (0/5) Lair:5
    Orc (2/2) D:11            Elf (1/3) Orc:2        Vaults (0/5) D:13

Altars:
Ashenzari
Cheibriados
Dithmenos
Elyvilon
Fedhas
Gozag
Hepliaklqana
Kikubaaqudgha
Makhleb
Nemelex Xobeh
Okawaru
Qazlal
Ru
Sif Muna
Trog
Uskayaw
Vehumet
Xom
Yredelemnul
Zin
The Shining One

Shops:
D:7 **[   D:8 *   D:10 %   Orc:2 :*[(   Lair:3 =   Lair:4 ==?   Snake:3 ?}}=

Annotations:
D:3 1 runed door


Innate Abilities, Weirdness & Mutations

You cannot wear most types of armour.
You are very stealthy in the water.
You are amphibious.
You can wear up to eight rings at the same time.
((You can use your tentacles to constrict eight enemies at once.))
((Your skin changes colour to match your surroundings (Stealth+).))
((Your rubbery body absorbs attacks. (AC +1, EV +1)))
((You have a pair of antennae on your head.))
You often lose your temper in combat.
You can translocate small distances at will.
You are dopey. (Int -2)
You are weak. (Str -2)
Your spells are a little harder to cast, but a little more powerful.


Message History

* * * LOW HITPOINT WARNING * * *
Unknown command.
Unknown command.
Casting: Dragon Form
Confirm with . or Enter, or press ? or * to list all spells.
You turn into a fearsome dragon!
The shock serpent bites you but does no damage.
The shock serpent shoots out a bolt of lightning at you!
The bolt of electricity hits you! You resist.
* * * LOW HITPOINT WARNING * * *
The bolt of electricity hits you! You resist.
* * * LOW HITPOINT WARNING * * *
The bolt of electricity hits the shock serpent.
The shock serpent completely resists.
You maul the shock serpent!!!!
You kill the shock serpent!
Your Spellcasting skill increases to level 14!
The air sparks with electricity, shocking you!
You die...
Your body crumbles into a pile of gold.

#..........#......##........##.
###........#.......#...........
##.......#.......#..#######..
#...[...#.......#..# #..
##.$....#......##..# #..
#.....)#......#. . #..
#.....)#)'###'#... #..
#.....)).......... ...
########).D.#### ### #..$.#
##.((.## #..[...# #.....(#
#(...$.# ########
######.....(#####......###
#####.($(.......$............#
#....$.(..........(...........


There were no monsters in sight!

Vanquished Creatures
  Vashnia (Snake:4)
  Nikola (Snake:4)
  Kirke (Snake:4)
  4 greater nagas
  An orc warlord (Orc:2)
  A minotaur (Lab)
  Fannar (Lair:3)
  A vault guard (D:13)
  12 hydras
  12 naga warriors
  A ghost crab (Swamp:2)
  6 anacondas
  Erica (Orc:1)
  4 death yaks (Lair:6)
  5 orc high priests (Orc:2)
  12 naga sharpshooters
  Urug (D:10)
  3 shock serpents
  A deep elf knight (D:13)
  4 unseen horrors
  2 salamander mystics
  A naga ritualist (Snake:1)
  A spriggan druid (Swamp:2)
  A necromancer (D:13)
  3 wizards (D:13)
  6 orc knights
  2 hill giants
  2 wolf spiders (Lair:6)
  8 orc sorcerers
  2 ugly things (D:11)
  5 mana vipers
  A griffon (Lair:4)
  2 cyclopes (Orc:2)
  3 salamanders
  12 elephants
  6 guardian serpents
  28 black mambas
  An ice statue (Snake:4)
  6 naga magi
  21 spiny frogs
  2 rime drakes
  7 komodo dragons
  A kobold demonologist (D:11)
  A troll (Orc:2)
  9 giant leeches
  Prince Ribbit (Lair:3)
  3 two-headed ogres
  21 blink frogs
  2 bog bodies
  A boulder beetle (Snake:2)
  6 dream sheep (Lair:1)
  The ghost of Amnesiac the Insei, an amateur OpTm of Gozag (D:3)
  Sigmund (D:2)
  An air elemental (Elf:1)
  22 humans
  9 spriggans
  9 wyverns
  Eustachio (D:4)
  55 yaks
  A fire elemental (Elf:1)
  3 basilisks
  3 hippogriffs
  2 hogs (Snake:4)
  2 wraiths
  6 vampire mosquitoes
  10 swamp worms
  46 nagas
  Edmund (D:4)
  3 wargs
  27 water moccasins
  11 porcupines
  4 ice beasts
  40 orc warriors
  A swamp drake (Swamp:1)
  A sky beast (D:13)
  4 black bears
  10 wasps
  3 necrophages
  12 wolves
  17 ogres
  3 phantoms
  2 centaurs
  3 big kobolds
  14 crocodiles
  10 giant frogs
  A wyvern zombie (D:8)
  An earth elemental (Orc:2)
  A wyvern skeleton (D:12)
  4 scorpions
  5 wights
  5 electric eels
  6 crimson imps
  2 centaur zombies
  3 giant frog zombies
  A quasit (D:10)
  A wasp zombie (D:11)
  8 jellies
  31 orc wizards
  Crazy Yiuf (D:3)
  2 giant frog skeletons
  26 orc priests
  2 gnoll shamans
  2 hounds
  2 centaur skeletons
  9 iguanas
  Natasha (thrice) (D:2)
  Terence (D:3)
  14 worker ants
  A hound zombie (D:11)
  Robin (D:2)
  A howler monkey skeleton (D:6)
  10 gnolls
  31 adders
  42 river rats
  3 shadow imps
  5 oozes (D:8)
  3 adder skeletons
  An adder zombie (D:6)
  2 worms
  3 dart slugs
  12 giant geckos
  84 orcs
  8 ball pythons
  7 giant cockroaches
  17 goblins
  11 hobgoblins
  5 jackals
  6 quokkas
  6 bats
  2 giant gecko skeletons
  4 giant newts
  A jackal skeleton (D:4)
  21 kobolds
  A quokka skeleton (D:4)
  9 rats
1006 creatures vanquished.

Vanquished Creatures (collateral kills)
  A hydra (Lair:5)
1 creature vanquished.

Vanquished Creatures (others)
  2 humans (Snake:4)
  12 fungi
  16 plants (Lair:6)
30 creatures vanquished.

Grand Total: 1037 creatures vanquished

Notes
Turn   | Place    | Note
-------+----------+-------------------------------------------
     0 | D:1      | Amnesiac the Octopode Transmuter began the quest for the Orb.
     0 | D:1      | Reached XP level 1. HP: 13/13 MP: 3/3
    34 | D:1      | Reached XP level 2. HP: 8/18 MP: 5/5
   192 | D:1      | Learned a level 2 spell: Sticks to Snakes
   224 | D:2      | Noticed Natasha
   231 | D:2      | Killed Natasha
   231 | D:2      | Reached XP level 3. HP: 12/23 MP: 6/6
   392 | D:2      | Found an iron altar of Okawaru.
   419 | D:3      | Found a shadowy altar of Dithmenos.
   419 | D:3      | Noticed Terence
   424 | D:3      | Learned a level 3 spell: Spider Form
   429 | D:3      | Killed Terence
   429 | D:3      | Reached XP level 4. HP: 20/28 MP: 3/7
  1290 | D:4      | Noticed Eustachio
  1383 | D:4      | Noticed an ice beast
  1389 | D:4      | Killed Eustachio
  1389 | D:4      | Reached skill level 4 in Unarmed Combat
  1389 | D:4      | Reached XP level 5. HP: 32/34 MP: 0/8
  1389 | D:4      | Reached XP level 6. HP: 37/39 MP: 0/9
  1398 | D:4      | Killed an ice beast
  1441 | D:4      | Noticed Edmund
  1460 | D:4      | Killed Edmund
  1460 | D:4      | Reached skill level 5 in Unarmed Combat
  1460 | D:4      | Reached XP level 7. HP: 28/46 MP: 5/10
  2301 | D:5      | Entered Level 5 of the Dungeon
  2337 | D:5      | Found a staircase to the Ecumenical Temple.
  2385 | Temple   | Entered the Ecumenical Temple
  2547 | D:3      | Found a runed door.
  2552 | D:3      | Noticed Crazy Yiuf
  2558 | D:3      | Killed Crazy Yiuf
  2663 | D:3      | Found a glowing silver altar of Zin.
  2663 | D:3      | Found a runed door.
  2663 | D:3      | Noticed an angel
  2701 | D:2      | Found a blossoming altar of Fedhas.
  2792 | D:2      | Noticed Sigmund
  2804 | D:2      | Killed Sigmund
  2858 | D:2      | Noticed Natasha
  2866 | D:2      | Killed Natasha
  2876 | D:2      | Found a bloodstained altar of Trog.
  2876 | D:2      | Noticed Robin
  2908 | D:2      | Killed Robin
  2908 | D:2      | Reached skill level 6 in Unarmed Combat
  3116 | D:2      | Noticed Natasha
  3123 | D:2      | Killed Natasha
  3585 | D:3      | Noticed Amnesiac's ghost (amateur OpTm)
  3603 | D:3      | Killed Amnesiac's ghost
  3603 | D:3      | Reached XP level 8. HP: 35/54 MP: 8/11
  3774 | D:3      | Found an opulent altar of Gozag.
  3779 | D:3      | Became a worshipper of Gozag Ym Sagoz the Greedy
  4974 | D:5      | Reached skill level 5 in Dodging
  4997 | D:5      | Reached skill level 7 in Unarmed Combat
  5055 | D:5      | Found a glowing golden altar of the Shining One.
  5706 | D:6      | Reached skill level 5 in Fighting
  5748 | D:6      | Killed an unseen horror
  5748 | D:6      | Reached skill level 8 in Unarmed Combat
  5748 | D:6      | Reached XP level 9. HP: 35/62 MP: 5/12
  6430 | D:6      | Found a shattered altar of Ashenzari.
  6569 | D:6      | Reached skill level 9 in Unarmed Combat
  7067 | D:7      | Found Zoibi's Assorted Antiques.
  7140 | D:7      | Bought a vibrating platinum ring for 150 gold pieces
  7140 | D:7      | Identified the ring "Yxoomp" {rF+ rN+ Str+5 Int+3} (You bought it in a shop on level 7 of the Dungeon)
  7210 | D:7      | Found Catashypn's Jewellery Shop.
  7421 | D:7      | Found a shimmering altar of Xom.
  7425 | D:7      | Noticed an angel
  7428 | D:7      | Found Todillow's Assorted Antiques.
  7434 | D:7      | Found a glowing silver altar of Zin.
  7451 | D:7      | Found Baschaikh's Armour Shop.
  7457 | D:7      | Bought a scroll labeled FOT QU TEICKUCH for 25 gold pieces
  7544 | D:7      | Reached XP level 10. HP: 68/69 MP: 9/13
  7615 | D:7      | Reached skill level 10 in Unarmed Combat
  8970 | D:8      | Found a sacrificial altar of Ru.
  9000 | D:8      | Killed an unseen horror
  9000 | D:8      | Reached skill level 11 in Unarmed Combat
  9490 | D:8      | Found Ibyoripn's Assorted Antiques.
  9505 | D:8      | Bought a shiny iron ring for 115 gold pieces
  9535 | D:8      | Bought 2 scrolls labeled SUFIWI SELLO for 46 gold pieces
  9535 | D:8      | Bought a pink potion for 20 gold pieces
  9585 | D:8      | Reached skill level 5 in Transmutations
 10542 | D:9      | Reached XP level 11. HP: 75/75 MP: 12/14
 10739 | D:9      | Found a basalt altar of Yredelemnul.
 10931 | D:9      | You fall through a shaft for 2 floors!
 10943 | D:11     | Gained mutation: You have an increased reservoir of magic. (+10% MP) [potion of beneficial mutation]
 10944 | D:11     | Gained mutation: Your body sometimes deteriorates upon taking damage. [potion of mutation]
 10944 | D:11     | Gained mutation: Your spells are a little easier to cast, but a little less powerful. [potion of mutation]
 10944 | D:11     | Gained mutation: Your mind is acute. (Int +2) [potion of mutation]
 10974 | D:10     | Entered Level 10 of the Dungeon
 10979 | D:10     | Noticed Urug
 11188 | D:10     | Noticed an unseen horror
 11193 | D:10     | Killed an unseen horror
 11201 | D:10     | Learned a level 4 spell: Ice Form
 11260 | D:10     | Killed Urug
 11286 | D:10     | Got a scorched amethyst amulet
 11287 | D:10     | Identified the amulet of Reut {Harm *Drain rF+ MR+ Str+3 Stlth+} (You found it on level 10 of the Dungeon)
 11674 | D:10     | Found a staircase to the Lair.
 11871 | D:10     | Found Padakk's Food Shoppe.
 12037 | Lair:1   | Entered Level 1 of the Lair of Beasts
 12170 | Lair:1   | Noticed a five-headed hydra
 12177 | Lair:1   | Killed a five-headed hydra
 12177 | Lair:1   | Reached skill level 5 in Spellcasting
 13053 | Lair:1   | Reached skill level 10 in Transmutations
 13245 | Lair:2   | Reached XP level 12. HP: 81/81 MP: 18/22
 14280 | Lair:3   | Noticed Fannar
 14516 | Lair:2   | Learned a level 5 spell: Blade Hands
 14537 | Lair:3   | Found an opulent altar of Gozag.
 14549 | Lair:3   | Killed Fannar
 14822 | Lair:3   | Lost mutation: Your spells are a little easier to cast, but a little less powerful. [potion of cure mutation]
 14822 | Lair:3   | Lost mutation: Your mind is acute. (Int +2) [potion of cure mutation]
 14822 | Lair:3   | Lost mutation: Your body sometimes deteriorates upon taking damage. [potion of cure mutation]
 15196 | Lair:3   | Noticed a six-headed hydra
 15203 | Lair:3   | Killed a six-headed hydra
 15393 | Lair:3   | Noticed Prince Ribbit
 15402 | Lair:3   | Killed Prince Ribbit
 15717 | Lair:3   | Found a staircase to the Snake Pit.
 16050 | Lair:4   | Reached skill level 12 in Unarmed Combat
 16111 | Lair:4   | Found a staircase to the Swamp.
 16736 | Lair:4   | Reached XP level 13. HP: 90/90 MP: 23/23
 17204 | Lair:4   | Reached skill level 13 in Unarmed Combat
 18298 | Lair:5   | Reached skill level 10 in Fighting
 18310 | Lair:5   | Reached skill level 10 in Dodging
 18476 | Lair:5   | Found a staircase to the Slime Pits.
 18927 | Lair:6   | Entered Level 6 of the Lair of Beasts
 18998 | Lair:6   | Reached skill level 14 in Unarmed Combat
 19187 | Lair:6   | Found a labyrinth entrance.
 19198 | Lab      | Entered a labyrinth
 19452 | Lab      | Noticed a minotaur
 19458 | Lab      | Killed a minotaur
 19458 | Lab      | Reached XP level 14. HP: 64/99 MP: 20/24
 21201 | Lair:6   | Reached skill level 15 in Unarmed Combat
 21644 | Lair:4   | Bought a scroll of blinking for 135 gold pieces
 21644 | Lair:4   | Bought a scroll of blinking for 135 gold pieces
 21644 | Lair:4   | Bought a scroll of identify for 36 gold pieces
 21644 | Lair:4   | Bought a scroll of magic mapping for 63 gold pieces
 21644 | Lair:4   | Bought a scroll of teleportation for 54 gold pieces
 22557 | Lair:4   | Bought the ring of the King {+Fly rElec rC+} for 462 gold pieces
 22599 | Swamp:1  | Entered Level 1 of the Swamp
 23956 | Swamp:2  | Reached XP level 15. HP: 108/108 MP: 20/25
 23996 | Swamp:2  | Reached skill level 16 in Unarmed Combat
 24953 | Swamp:2  | Learned a level 7 spell: Dragon Form
 25031 | Lair:4   | Bought the ring "Xaloos" {Wiz *Drain rElec rPois rF+} for 595 gold pieces
 25325 | D:11     | Found a staircase to the Orcish Mines.
 25545 | D:11     | You fall through a shaft for 2 floors!
 25698 | D:13     | Found a stormy altar of Qazlal.
 26096 | D:13     | Found a gate to the Vaults.
 26940 | Orc:1    | Entered Level 1 of the Orcish Mines
 27720 | Orc:1    | Noticed Erica
 27726 | Orc:1    | Killed Erica
 27975 | Orc:2    | Entered Level 2 of the Orcish Mines
 28446 | Orc:2    | Found a staircase to the Elven Halls.
 29781 | Orc:2    | Noticed an orc warlord
 29792 | Orc:2    | Killed an orc warlord
 29792 | Orc:2    | Reached XP level 16. HP: 114/114 MP: 26/29
 30097 | Orc:2    | Found Iqukie's General Store.
 30110 | Orc:2    | Found Agefed Wuu's Antique Armour Boutique.
 30110 | Orc:2    | Found Wuqat's Antique Weapon Boutique.
 30112 | Orc:2    | Found Dosmawn's Book Shop.
 30121 | Orc:2    | Learned a level 3 spell: Mephitic Cloud
 30225 | Elf:1    | Entered Level 1 of the Elven Halls
 30575 | Snake:1  | Entered Level 1 of the Snake Pit
 30575 | Snake:1  | Noticed a greater naga
 30584 | Snake:1  | Killed a greater naga
 30843 | Snake:1  | Gained mutation: You are weak. (Str -2) [mutagenic glow]
 31134 | Snake:1  | Gained mutation: You have a pair of small antennae on your head. [potion of mutation]
 31134 | Snake:1  | Lost mutation: You have an increased reservoir of magic. (+10% MP) [potion of mutation]
 31134 | Snake:1  | Gained mutation: You tend to lose your temper in combat. [potion of mutation]
 31135 | Snake:1  | Gained mutation: You have a pair of antennae on your head. [potion of mutation]
 31135 | Snake:1  | Gained mutation: You are dopey. (Int -2) [potion of mutation]
 31135 | Snake:1  | Gained mutation: You often lose your temper in combat. [potion of mutation]
 31788 | Snake:2  | Reached skill level 10 in Spellcasting
 31805 | Snake:2  | Gained mutation: You can translocate small distances at will. [potion of mutation]
 31805 | Snake:2  | Gained mutation: Your spells are a little harder to cast, but a little more powerful. [potion of mutation]
 31892 | Snake:2  | Noticed a greater naga
 31905 | Snake:2  | Killed a greater naga
 32400 | Snake:3  | Found Efirch's Magic Scroll Shop.
 32405 | Snake:3  | Bought a scroll of blinking for 105 gold pieces
 32870 | Snake:3  | Found Vehoikiez's Gadget Shoppe.
 32871 | Snake:3  | Found Gaezxom's Jewellery Shop.
 32872 | Snake:3  | Found Mutyguno's Gadget Shoppe.
 32919 | Snake:4  | Entered Level 4 of the Snake Pit
 33181 | Snake:4  | Noticed Vashnia
 33695 | Snake:4  | Noticed Nikola
 33712 | Snake:4  | Killed Nikola
 33725 | Snake:4  | Reached XP level 17. HP: 53/119 MP: 25/33
 33739 | Snake:4  | Noticed Kirke
 34109 | Snake:4  | Killed Kirke
 34335 | Snake:4  | Killed Vashnia
 34780 | Snake:4  | Killed from afar by a shock serpent

Vault maps used:
D:1:      elethiomel_arrival_shortcut
D:2:      nicolae_overflow_crystal_walls, old_standard_altar, first_bread,
          supply_closet_lemuel, trog_three_pillars_becter, uniq_sigmund,
          uniq_robin, uniq_natasha
D:3:      nicolae_gozag_cash_rules_everything_around_me,
          nicolae_overflow_hidden_temple, lemuel_angel_altar, uniq_terence,
          uniq_crazy_yiuf_cottage
D:4:      uniq_edmund, uniq_eustachio
D:5:      kennysheep_mini_moat, minivault_4
D:6:      ashenzari_altar_1, mrwooster_statue_mirror, minmay_joined_circles
D:7:      kb_forest_paths, grunt_temple_overflow_order_and_chaos_1,
          serial_shops, nicolae_shop_statue_plus, shop, shop, shop
D:8:      serial_shops, nicolae_shop_overgrown_old_shop, basic_altar,
          hangedman_little_slice_of_home, hangedman_decor_push
D:9:      marbit_many_paths
D:10:     lair_0_dummy, serial_shops, shop, kennysheep_windowed_goal, uniq_urug
D:13:     grunt_vaults_entry_tiered, nicolae_qazlal_eye_of_the_storm
Temple:   nicolae_temple_hex_pool
Lair:1:   serial_bayou_ford_a
Lair:2:   serial_bayou_shore_b, lemuel_fruit_fields, bh_autumn_forest_stairs
Lair:3:   dummy_snake_entry, basic_altar, minivault_23,
          infiniplex_staircase_pool_2, uniq_fannar, uniq_prince_ribbit2
Lair:4:   minmay_swamp_entry_worms, grunt_megastairs_2, lemuel_fruit_tree
Lair:5:   dpeg_slime_entry_corner, serial_bayou_pond_b, grunt_megastairs_3,
          lemuel_fruit_fields
Lair:6:   hangedman_lair_tendril_chambers, lab_entry_generic,
          serial_bayou_crossing
Swamp:1:  evilmike_swamp_ruin_house_2, swamp_pool1
Swamp:2:  evilmike_swamp_ruin_house_4, swamp_pool1
Snake:2:  boulder_indie
Snake:3:  serial_shops, shop, spider_trap, nicolae_snake_single_loop,
          minmay_shop_grove
Snake:4:  minmay_snake_end_coiled, nicolae_snake_squiggles,
          dpeg_stationary_puzzle, uniq_vashnia, uniq_kirke, uniq_nikola
Orc:1:    nicolae_orc_accident_1, nicolae_orc_rich_vein, uniq_erica
Orc:2:    st_orc_congregation
Elf:1:    basic_altar, minmay_elf_sorcery, uniq_donald
Lab:      labyrinth_mini_lab, nicolae_lab_arrow, nicolae_lab_starburst,
          lab_hedge, labyrinth_glass_1

Skill      XL: |  1  2  3  4  5  6  7  8  9 10 11 12 13 14 15 16 17 |
---------------+----------------------------------------------------+-----
Transmutations | 3 4 6 10 11 13 14 | 14.0
Fighting       | 2 3 4 5 6 7 9 10 11 12 | 12.0
Dodging        | 3 4 6 8 9 10 11 12 | 12.0
Unarmed Combat | 4 5 6 8 9 11 12 14 15 16 | 16.0
Spellcasting   | 5 7 12 14 | 14.0

Action                   |  1- 3 |  4- 6 |  7- 9 | 10-12 | 13-15 | 16-18 || total
-------------------------+-------+-------+-------+-------+-------+-------++-------
Melee: Unarmed           |    24 |    42 |   407 |   497 |   919 |   320 ||  2209
       Constrict         |     8 |     1 |    50 |    25 |     5 |     6 ||    95
       Tentacles         |     7 |       |    38 |    27 |     2 |    11 ||    85
       Punch             |       |       |    10 |     9 |     6 |    24 ||    49
       Tailslap          |       |       |       |       |     4 |    31 ||    35
       Bite              |       |       |       |       |     2 |    19 ||    21
 Cast: Spider Form       |       |     6 |    30 |    43 |     3 |       ||    82
       Sticks to Snakes  |       |       |     1 |       |    10 |       ||    11
       Ice Form          |       |       |       |    16 |    88 |    11 ||   115
       Dragon Form       |       |       |       |       |     2 |    23 ||    25
Invok: Potion Petition   |       |       |     2 |       |       |       ||     2
       Call Merchant     |       |       |       |     1 |     3 |       ||     4
 Abil: Breathe Fire      |       |       |       |       |       |     1 ||     1
Evoke: Wand              |       |       |       |       |     2 |       ||     2
  Use: Scroll            |       |       |     5 |    17 |    11 |     4 ||    37
       Potion            |       |       |       |    11 |     2 |     6 ||    19
 Stab: Sleeping          |       |     1 |    15 |    23 |    13 |     6 ||    58
       Distracted        |       |       |     1 |     4 |    11 |     5 ||    21
  Eat: Chunk             |       |     1 |    10 |       |       |       ||    11
       Fruit             |       |     2 |       |     2 |    10 |       ||    14
       Meat ration       |       |       |     2 |     3 |     4 |     4 ||    13
       Beef jerky        |       |       |     1 |     1 |     2 |     1 ||     5
       Pizza             |       |       |     1 |       |       |       ||     1
       Royal jelly       |       |       |       |     9 |     2 |       ||    11
       Bread ration      |       |       |       |       |     5 |     4 ||     9
Armor: Skin              |     1 |     2 |    15 |    18 |    85 |    69 ||   190
Dodge: Dodged            |    11 |    29 |   268 |   301 |   493 |   157 ||  1259
